 Dungeon Crawl Stone Soup version 0.19-a0-1731-g1e0734d (webtiles) character file.

816 Psiweapon the Quickloader (level 8, -6/44 HPs)
             Began as a Kobold Hunter on Sept 30, 2016.
             Was a Follower of Okawaru.
             Mangled by an orc warrior
             ... wielding a +0 hand axe of venom
              (18 damage)
             ... on level 6 of the Dungeon.
             The game lasted 00:22:53 (5922 turns).

Psiweapon the Quickloader (Kobold Hunter)           Turns: 5922, Time: 00:22:53

Health: -6/44      AC:  7    Str:  8 (9)  XL:     8   Next: 16%
Magic:  9/11       EV: 19    Int: 11 (12) God:    Okawaru [*.....]
Gold:   236        SH:  6    Dex: 16 (18) Spells: 1 memorised, 4 levels left

rFire  . . .     SeeInvis .     b - +1 long sword (elec)
rCold  . . .     Gourm    .     c - +0 leather armour
rNeg   + . .     Faith    .     R - +0 buckler
rPois  .         Spirit   .     s - +0 helmet
rElec  .         Dismiss  .     (no cloak)
rCorr  .         Reflect  .     (no gloves)
MR     .....     Harm     +     Q - +1 pair of boots
Stlth  +++++++...               G - amulet of harm
                                l - ring of stealth
                                n - ring of positive energy

@: lethally poisoned (-6 -> -15), heroism
A: carnivore 3
a: Heroism, Renounce Religion


You were on level 6 of the Dungeon.
You worshipped Okawaru.
Okawaru was aware of your devotion.
You were completely stuffed.

You visited 2 branches of the dungeon, and saw 9 of its levels.

You collected 284 gold pieces.
You spent 48 gold pieces at shops.

Inventory:

Hand Weapons
 a - a +1 hand crossbow
 b - a +1 long sword of electrocution (weapon)
 N - a +0 long sword
 S - a +0 short sword
 T - a +1 falchion of protection
Missiles
 d - 18 bolts
 h - 16 sling bullets
 B - 5 curare-tipped needles
 E - 2 tomahawks (quivered)
Armour
 c - a +0 leather armour (worn)
 e - a +0 shield
 s - a +0 helmet (worn)
 P - a +0 ring mail
 Q - a +1 pair of boots (worn)
 R - a +0 buckler (worn)
Jewellery
 l - a ring of stealth (right hand)
 n - a ring of positive energy (left hand)
 p - an uncursed ring of fire
 A - an uncursed ring of protection from fire
 C - an uncursed ring of protection from cold
 G - an amulet of harm (around neck)
Wands
 w - a wand of acid (9/15)
 J - a wand of enslavement (14/24)
 M - a wand of disintegration (11/24)
Scrolls
 g - 2 scrolls of noise {unknown}
 i - 3 scrolls of blinking
 j - 2 scrolls of teleportation
 k - 4 scrolls of fog {unknown}
 o - 3 scrolls of amnesia {unknown}
 q - a scroll of immolation {unknown}
 r - a scroll of enchant weapon {unknown}
 t - 2 scrolls of fear {unknown}
 u - a scroll of recharging {unknown}
 x - 2 scrolls of enchant armour {unknown}
 y - 3 scrolls of remove curse
Potions
 m - 3 potions of might
 z - a potion of lignification {unknown}
 D - 3 potions of curing
 F - 4 potions of degeneration
 H - a potion of ambrosia {unknown}
 L - a potion of haste {unknown}
 U - a potion of brilliance {unknown}
Books
 v - a book of Misfortune

   Spells                             Type                      Level
   a - Confusing Touch                Hexes                        1
   b - Confuse                        Hexes                        3
   c - Gell's Gravitas                Hexes/Translocation          3
   d - Petrify                        Transmutation/Earth          4
   e - Metabolic Englaciation         Hexes/Ice                    5
   f - Yara's Violent Unravelling     Hexes/Transmutation          5
Comestibles
 f - 4 meat rations
 I - a beef jerky
 K - 3 chunks of flesh
 O - 2 slices of pizza


   Skills:
 - Level 2.1(7.1) Fighting
 + Level 1.5(6.5) Long Blades
 - Level 8.2(13.2) Crossbows
 - Level 2.4(7.4) Dodging
 + Level 6.8(11.8) Stealth
 - Level 4.0 Invocations


You had 4 spell levels left.
You knew the following spells:

 Your Spells              Type           Power        Failure   Level  Hunger
a - Confuse               Hex            #.......     98%         3    ####...


Dungeon Overview and Level Annotations

Branches:
Dungeon (8/15)             Temple (1/1) D:4
   Lair: D:8-11

Altars:
Ashenzari
Cheibriados
Dithmenos
Elyvilon
Fedhas
Gozag
Hepliaklqana
Kikubaaqudgha
Makhleb
Nemelex Xobeh
Okawaru
Qazlal
Ru
Sif Muna
Trog
Uskayaw
Vehumet
Xom
Yredelemnul
Zin
The Shining One

Shops:
D:4 *

Annotations:
D:4 1 exclusion, Duvessa, Eustachio
D:5 exclusion: upstairs
D:6 exclusion: downstairs
D:7 exclusion: killer bee


Innate Abilities, Weirdness & Mutations

You are small and have problems with some larger weapons.
You are carnivorous and can eat meat at any time.


Message History

Firing (i - inventory. (,) - cycle):
d - 20 bolts (quivered)
Press: ? - help, Shift-Dir - straight line, f/p - orc warrior
Aim: an orc warrior, wielding a hand axe of venom and wearing a chain mail You shoot a bolt.
The bolt hits the orc warrior but does no damage.
Some of the chunks of flesh in your inventory have rotted away.
Firing (i - inventory. (,) - cycle):
d - 19 bolts (quivered)
Press: ? - help, Shift-Dir - straight line, f/p - orc warrior
Aim: an orc warrior, wielding a hand axe of venom and wearing a chain mail You shoot a bolt.
The bolt hits the orc warrior.
The orc warrior is lightly wounded.
The orc warrior hits you with a hand axe of venom!
You are poisoned.
You gain the combat prowess of a mighty hero.
You feel sick.
You hear the crackle of electricity.
b - a +1 long sword of electrocution (weapon)
You feel sick.
The orc warrior hits you with a hand axe of venom!
You die...

+...(...)........#
#................#
#...).).)........#
#.....)).........#
#...(............
#..(.()..........
#.....###########
#..........#
##..@......#
#..o......#
#..(......#
#..(......#
#...((....#
#...((....#
#....(....#
#.........#


You could see an orc warrior.

Vanquished Creatures
  An orc warrior (D:6)
  A bullfrog (D:6)
  2 scorpions
  2 crimson imps (D:5)
  A jelly (D:5)
  A hound (D:5)
  3 orc wizards
  4 worker ants
  5 gnolls
  7 adders
  A shadow imp (D:5)
  An ooze (D:5)
  3 worms
  A dart slug (D:1)
  4 leopard geckos
  14 orcs
  4 giant cockroaches
  9 goblins
  6 hobgoblins
  15 jackals
  A quokka (D:6)
  2 ball pythons
  3 bats
  8 frilled lizards
  3 kobolds
  A quokka skeleton (D:4)
  8 rats
111 creatures vanquished.

Notes
Turn   | Place    | Note
-------+----------+-------------------------------------------
     0 | D:1      | Psiweapon the Kobold Hunter began the quest for the Orb.
     0 | D:1      | Reached XP level 1. HP: 12/12 MP: 1/1
   188 | D:1      | Reached skill level 5 in Crossbows
   266 | D:1      | Reached XP level 2. HP: 9/17 MP: 2/2
   631 | D:1      | Reached XP level 3. HP: 21/21 MP: 3/3
   701 | D:1      | Reached skill level 6 in Crossbows
   868 | D:2      | Reached XP level 4. HP: 26/26 MP: 4/4
  1273 | D:2      | Reached skill level 7 in Crossbows
  1390 | D:2      | Reached XP level 5. HP: 20/30 MP: 5/5
  1766 | D:4      | Found Rokkepuk's General Store.
  1770 | D:4      | Bought a scroll of identify for 24 gold pieces
  1770 | D:4      | Bought a scroll of identify for 24 gold pieces
  2083 | D:2      | Learned a level 3 spell: Confuse
  2506 | D:3      | Reached skill level 8 in Crossbows
  2506 | D:3      | Reached XP level 6. HP: 35/35 MP: 6/6
  2737 | D:5      | Entered Level 5 of the Dungeon
  2759 | D:5      | Found a glowing golden altar of the Shining One.
  2842 | D:4      | Found a staircase to the Ecumenical Temple.
  2852 | Temple   | Entered the Ecumenical Temple
  2962 | Temple   | Became a worshipper of Warmaster Okawaru
  3354 | D:3      | Reached skill level 1 in Invocations
  3700 | D:4      | Found a shattered altar of Ashenzari.
  3706 | D:4      | Noticed Duvessa
  3836 | D:4      | Noticed Eustachio
  4534 | D:6      | Reached XP level 7. HP: 38/40 MP: 7/9
  4868 | D:5      | Reached * piety under Okawaru
  5088 | D:5      | Reached skill level 5 in Stealth
  5866 | D:6      | Reached XP level 8. HP: 37/44 MP: 11/11
  5902 | D:6      | Reached skill level 1 in Long Blades
  5922 | D:6      | Mangled by an orc warrior

Vault maps used:
D:1:      lightli_arrival_farm, minmay_misc_feat_alley
D:4:      first_bread, serial_shops, nicolae_shop_waterfront, serial_forest,
          infiniplex_forest_corner_1, infiniplex_forest_split,
          infiniplex_forest_side_room, infiniplex_forest_lined_room_,
          infiniplex_forest_clump_large, ashenzari_altar_1, uniq_eustachio,
          uniq_duvessa
D:5:      basic_altar, sigmund_army
D:6:      minmay_klotski
Temple:   kilobyte_greek_temple

Skill      XL: |  1  2  3  4  5  6  7  8 |
---------------+-------------------------+-----
Crossbows      | 5 6 7 8 |  8.2
Stealth        | 4 6 |  6.8
Invocations    | 2 4 |  4.0
Long Blades    | 1 |  1.5
Fighting       | |  2.1
Dodging        | |  2.4

Action                   |  1- 3 |  4- 6 |  7- 9 || total
-------------------------+-------+-------+-------++-------
Melee: Short sword       |     1 |     6 |    15 ||    22
       Long sword        |       |    12 |    21 ||    33
 Fire: Hand crossbow     |    62 |   148 |    91 ||   301
Invok: Heroism           |       |       |     2 ||     2
  Use: Scroll            |     3 |     4 |     3 ||    10
       Potion            |       |     2 |       ||     2
 Stab: Sleeping          |       |     2 |       ||     2
  Eat: Chunk             |     8 |    11 |     5 ||    24
Armor: Leather armour    |     7 |    14 |     8 ||    29
Dodge: Dodged            |    19 |    36 |    22 ||    77
Block: Shield            |    15 |    18 |     6 ||    39
       Buckler           |       |       |    10 ||    10
